 Dungeon Crawl Stone Soup version 0.17.2-1-ge4368a0 (webtiles) character file.

270 Goblin1989 the Chopper (level 6, -1/47 HPs)
             Began as a Demonspawn Abyssal Knight on Nov 20, 2016.
             Was an Elder of Lugonu.
             Slain by a giant frog (5 damage)
             ... in a sewer.
             The game lasted 00:13:33 (4082 turns).

Goblin1989 the Chopper (Demonspawn Abyssal Knight)  Turns: 4082, Time: 00:13:33

Health: -1/47      AC:  8    Str: 14    XL:     6   Next: 1%
Magic:  0/8        EV: 10    Int: 14    God:    Lugonu [****..]
Gold:   70         SH:  0    Dex: 12    Spells: 0 memorised, 5 levels left

rFire  + . .     SeeInvis .     a - +2 hand axe
rCold  . . .     Clarity  .     o - +1 ring mail {rF+}
rNeg   . . .     SustAt   .     (no shield)
rPois  .         Gourm    .     (helmet restricted)
rElec  .         Spirit   +     (no cloak)
rCorr  .         Warding  .     (no gloves)
rMut   .         Stasis   .     (no boots)
MR     .....                    q - amulet of guardian spirit
Stlth  +.........               (no ring)
                                (no ring)

@: lethally poisoned (-1 -> -5), not resistant to hostile enchantments, very
unstealthy
A: horns 1, slimy green scales 1, demonic guardian 1
a: Depart the Abyss, Bend Space, Banish, Corrupt, Renounce Religion


You were in a sewer.
You worshipped Lugonu.
Lugonu was greatly pleased with you.
You were not hungry.

You visited 1 branch of the dungeon, and saw 4 of its levels.
You visited the Abyss 1 time.
You also visited: Sewer.

You collected 70 gold pieces.

Inventory:

Hand Weapons
 a - a +2 hand axe (weapon)
Armour
 o - a +1 ring mail of fire resistance (worn)
Jewellery
 b - an uncursed ring of flight {unknown}
 q - an amulet of guardian spirit (around neck)
Wands
 i - a wand of slowing (16)
Scrolls
 l - a scroll of recharging
 n - 2 scrolls of enchant weapon
Potions
 d - 2 potions of brilliance {unknown}
 e - a potion of flight {unknown}
 f - 3 potions of cancellation {unknown}
 g - 3 potions of might
 k - a potion of curing {unknown}
 p - a potion of degeneration {unknown}
 u - a potion of lignification {unknown}
Comestibles
 c - 3 bread rations {@e1}
 m - a beef jerky
 t - a slice of pizza


   Skills:
 - Level 3.0 Fighting
 * Level 5.6 Axes
 - Level 1.7 Armour
 - Level 0.8 Dodging
 + Level 3.0 Invocations


You had 5 spell levels left.
You didn't know any spells.

Dungeon Overview and Level Annotations

Branches:
Dungeon (4/15)
 Temple: D:4-7

Altars:

Annotations:
D:3 Grinder


Innate Abilities, Weirdness & Mutations

You have a pair of small horns on your head.
You are partially covered in slimy green scales (AC +2).
A weak demonic guardian rushes to your aid.


Message History

* * * LOW HITPOINT WARNING * * *
Your quasit misses the giant frog.
Your quasit claws the giant frog.
Your quasit closely misses the giant frog.
The adder bites you but does no damage. The giant frog hits you!
* * * LOW HITPOINT WARNING * * *
Your white imp hits the giant frog.
Your white imp freezes the giant frog.
The giant frog barely misses you.
You take 12 damage, and have 8/47 hp.
MASSIVE DAMAGE!!
Your unstable footing causes you to fumble your attack.
Your quasit misses the giant frog.
Your quasit barely misses the giant frog.
Your quasit misses the giant frog. The adder bites you.
* * * LOW HITPOINT WARNING * * *
You are lethally poisoned!
The adder poisons you! The giant frog closely misses you.
The giant frog hits you but does no damage.
Your quasit barely misses the giant frog.
Your quasit claws the giant frog. x2
The adder bites you but does no damage. The giant frog hits you.
You die...

█≈≈≈.██.≈.≈≈███████≈≈≈≈≈██.≈≈
██..≈██≈...███≈≈≈≈≈███≈≈≈.██≈≈
█≈.≈≈█.≈.≈██≈≈≈.≈≈≈≈≈██≈..≈█≈≈
██≈≈≈██≈≈≈██≈≈≈..≈≈.≈≈
██≈≈.██≈
█..≈.█.≈≈.█≈≈≈..?$.≈≈≈ █..≈≈█†
█∩.≈≈█.≈≈≈█≈≈.$.?...≈. █≈.≈≈█≈
█.≈≈.█.≈.≈█≈≈≈.$≈≈.≈≈≈ █...≈█≈
██.≈≈██.≈≈█.≈F5≈5≈≈≈≈≈
██.≈.██≈
█≈.≈.█≈≈≈█≈..@F≈≈≈≈≈≈██≈≈≈≈█.≈
██≈≈.██≈≈██≈≈█S..≈≈███..≈≈██÷≈
█≈≈≈≈██..█≈≈███████≈≈.≈.██≈≈≈
██≈≈≈≈█†≈██≈..≈≈.≈.≈≈≈███≈≈≈≈
██≈≈≈≈≈≈≈█.....≈≈≈████†≈≈≈.█
████≈.≈███████.∩≈█≈≈≈≈≈..██
██.≈█.≈≈≈≈█████≈≈.≈█████
████≈≈≈.≈≈≈≈≈≈≈████≈≈∩█
█.≈.█████████....≈██


You could see 2 giant frogs, an adder, a friendly quasit and a friendly white
imp.

Vanquished Creatures
  Robin (D:2)
  9 adders
  A river rat (D:4)
  10 oozes (Sewer)
  The ghost of dscm the Digger, a weakling OpEE (D:3)
  15 giant geckos
  5 bats
  7 giant cockroaches
  14 goblins
  10 hobgoblins
  6 jackals (D:1)
  4 kobolds
  A quokka (D:3)
  9 ball pythons
  16 giant newts
  13 rats
122 creatures vanquished.

Vanquished Creatures (collateral kills)
  A giant cockroach (Sewer)
1 creature vanquished.

Vanquished Creatures (others)
  A bush (D:3)
1 creature vanquished.

Grand Total: 124 creatures vanquished

Notes
Turn   | Place    | Note
--------------------------------------------------------------
     0 | Abyss:1  | Goblin1989 the Demonspawn Abyssal Knight began the quest for the Orb.
     0 | Abyss:1  | Reached XP level 1. HP: 18/18 MP: 2/2
    51 | Abyss:1  | Noticed a small abomination
    52 | D:1      | Escaped the Abyss
   366 | D:1      | Reached * piety under Lugonu
   370 | D:1      | Gained mutation: You have a pair of small horns on your head. [demonic ancestry]
   370 | D:1      | Reached XP level 2. HP: 16/24 MP: 3/3
   800 | D:1      | Gained mutation: A weak demonic guardian rushes to your aid. [demonic ancestry]
   800 | D:1      | Reached XP level 3. HP: 13/29 MP: 4/4
  1519 | D:2      | Reached ** piety under Lugonu
  1828 | D:2      | Reached XP level 4. HP: 32/35 MP: 5/5
  1870 | D:2      | Reached skill level 4 in Axes
  2236 | D:2      | Noticed Robin
  2270 | D:2      | Killed Robin
  2513 | D:3      | Goblin1989: -log goblin1989 spbe
  2513 | D:3      | Goblin1989: ! -log goblin1989 spbe
  2513 | D:3      | Goblin1989: ?? log goblin1989 spbe
  2513 | D:3      | beem: I don't have a page labeled log_goblin1989_spbe in my learndb.
  2513 | D:3      | Goblin1989: ! log goblin1989 spbe
  2526 | D:3      | Reached *** piety under Lugonu
  3111 | D:3      | Noticed Grinder
  3168 | D:3      | Noticed dscm's ghost (weakling OpEE)
  3173 | D:3      | Killed dscm's ghost
  3222 | D:4      | Gained mutation: You are partially covered in slimy green scales (AC +2). [demonic ancestry]
  3222 | D:4      | Reached XP level 5. HP: 22/41 MP: 3/6
  3258 | D:4      | Found a glowing drain.
  3283 | D:4      | Reached skill level 5 in Axes
  3285 | Sewer    | Entered a sewer
  3701 | Sewer    | Reached **** piety under Lugonu
  4065 | Sewer    | Reached XP level 6. HP: 37/47 MP: 8/8
  4076 | Sewer    | HP: 2/47 [giant frog (6)]
  4082 | Sewer    | Slain by a giant frog

Action                   |  1- 3 |  4- 6 || total
-------------------------+-------+-------++-------
Melee: Hand axe          |   135 |   350 ||   485
Invok: Depart the Abyss  |     1 |       ||     1
  Use: Scroll            |       |     8 ||     8
       Potion            |       |     2 ||     2
 Stab: Sleeping          |     1 |       ||     1
  Eat: Chunk             |     3 |     8 ||    11

Vault maps used:
D:1:      roderic_crop_circles_arrival_small, kennysheep_doodads
D:2:      first_bread, uniq_robin
D:3:      roderic_lattice_a, minmay_hedge_maze, uniq_grinder
D:4:      nicolae_overflow_crystal_walls, minmay_temple_entry_poolview,
          portal_sewer_entry_e, uniq_sigmund
Sewer:    sewer_frog_island_02
